 Dungeon Crawl Stone Soup version 0.30.0-21-gd299b56b3f (webtiles) character file.

Game seed: 897575012950881591

491 qw the Chopper (level 7, -9/43 HPs)
             Began as a Gargoyle Fighter on June 2, 2023.
             Mangled by Duvessa
             ... wielding a +0 vampiric short sword
              (14 damage)
             ... on level 4 of the Dungeon.
             The game lasted 00:01:46 (3559 turns).

qw the Chopper (Gargoyle Fighter)                   Turns: 3559, Time: 00:01:46

Health: -9/43      AC: 11    Str: 21    XL:     7   Next: 14%
Magic:  7/7        EV:  6    Int:  9    God:
Gold:   200        SH:  4    Dex:  9    Spells: 6/6 levels left

rFire   . . .        Y - +0 war axe
rCold   . . .        c - +0 buckler
rNeg    + . .        b - +0 scale mail
rPois   inf          (no helmet)
rElec   +            (no cloak)
rCorr   .            (no gloves)
SInv    .            (no boots)
Will    .....        (no amulet) Stlth
                     (no ring)
HPRegen 0.27/turn    (no ring)
MPRegen 0.10/turn

%: no passive effects
@: about to teleport, grasped by roots, constricted
A: sickness immunity, AC +4, negative energy resistance 1, electricity
resistance, torment resistance 1, petrification resistance
a: no special abilities


You were on level 4 of the Dungeon.
You visited 1 branch of the dungeon, and saw 4 of its levels.

You collected 200 gold pieces.


Innate Abilities, Weirdness & Mutations

You are immune to sickness and miasma.
Your stone body is resilient. (AC +4)
You are immune to poison.
You resist negative energy. (rN+)
You are resistant to electric shocks. (rElec)
You are resistant to unholy torment.
You are immune to petrification.


   Skills:
 - Level 4.0 Fighting
 + Level 6.4 Axes
 - Level 3.2 Armour
 - Level 1.0 Dodging
 - Level 3.2 Shields


You had 6 spell levels left.
You didn't know any spells.
Your spell library was empty.

Inventory:

Hand Weapons
 g - a +0 whip
 Y - a +0 war axe (weapon)
Armour
 b - a +0 scale mail (worn)
 c - a +0 buckler (worn)
 h - a +0 cloak
Scrolls
 f - 2 scrolls of enchant armour
 n - 3 scrolls of teleportation
Potions
 a - a potion of resistance {unknown}
 d - 2 potions of might
 e - a potion of magic {unknown}
 j - 2 potions of lignification
 k - a potion of attraction
 l - a potion of cancellation {unknown}
 p - a potion of curing {unknown}

Dungeon Overview and Level Annotations

Branches:
Dungeon (4/15)
 Temple: D:4-7

Altars:

Annotations:
D:4 Duvessa, Pikel


Message History

You hit Dowan.
Dowan is moderately wounded.
You completely miss the lemure. The lemure hits you.
Dowan hits you but does no damage.
You closely miss Dowan.
Dowan is moderately wounded.
You hit the lemure but do no damage. You block the lemure's attack.
You block Dowan's attack.
You hit Dowan.
Dowan is heavily wounded.
You hit the lemure. You completely miss the lemure.
The lemure barely misses you. Dowan hits you but does no damage.
The lemure hits you but does no damage.
You hit Dowan.
Dowan is severely wounded.
You hit the lemure but do no damage. You barely miss the lemure.
The lemure hits you but does no damage.
Duvessa zaps a wand.
The roots erupt in riotous growth!
The lemure is unaffected.
Dowan is unaffected.
The lemure is unaffected.
Duvessa is unaffected.
The grasping roots grab you! The grasping roots constrict you.
The lemure hits you. The grasping roots constrict you. The lemure hits you.
The lemure hits you but does no damage.
Dowan points at you and mumbles some strange words.
The puff of frost hits you!
You hear a shout!
You slash Dowan!
You kill Dowan!
Duvessa weeps, and shakes her weapon.
Duvessa goes berserk!
You miss the lemure. You hit the lemure. You completely miss Duvessa.
Duvessa hits you but does no damage. The grasping roots constrict you.
The lemure hits you. The lemure hits you but does no damage.
Duvessa hits you with a +0 vampiric short sword.
The grasping roots constrict you.
3559 ||| READING 4 scrolls of teleportation.
As you read the scroll of teleportation, it crumbles to dust.
You feel strangely unstable.
Duvessa hits you with a +0 vampiric short sword!
You die...

#. ##..##. #.. K.# #...
#...... #.. ..# #...#
#../..) #... ..###...#
####... #....
##..#.....# #..)%
....##.........# ##....
...#......#..###.....
##e55..###..........
..#.<@....#.....#.#...
#.........#...#..####..
##.>.####.....#..#.....
#... #.........(......
##. #....##..........
.. #....>#.......... ##
#.......#......##
##....###......##
#....## ###...###


You could see Duvessa (berserk) and 2 lemures.

Vanquished Creatures
  Grinder (D:3)
  A lemure (D:4)
  Dowan (D:4)
  A jelly (D:4)
  An iguana (D:3)
  Natasha (twice) (D:2)
  4 gnolls (D:4)
  An adder (D:3)
  3 dart slugs
  5 ball pythons
  8 bats
  10 endoplasms
  6 giant cockroaches
  8 goblins
  5 hobgoblins
  8 jackals
  4 quokkas
  2 frilled lizards
  8 kobolds
  8 rats
87 creatures vanquished.

Notes
Turn   | Place    | Note
-------+----------+-------------------------------------------
     0 | D:1      | qw the Gargoyle Fighter began the quest for the Orb.
     0 | D:1      | Reached XP level 1. HP: 14/14 MP: 1/1
     0 | D:1      | 0 ||| qw: Version: 0.2-a-102-gdf20003
     0 | D:1      | 0 ||| qw: Game counter: 862
     0 | D:1      | 0 ||| qw: Always use a shield: true
     0 | D:1      | 0 ||| qw: God list: Okawaru
     0 | D:1      | 0 ||| qw: Allow faded altars: false
     0 | D:1      | 0 ||| qw: Do Orc after D:15 true
     0 | D:1      | 0 ||| qw: Do second Lair branch before Depths: true
     0 | D:1      | 0 ||| qw: Lair rune preference: random
     0 | D:1      | 0 ||| qw: Plans: Normal, Zot:1-4, Slime:5, God:TSO, Crypt,
                  | Tomb, Pan, Hells, Abyss, Win
     0 | D:1      | 0 ||| PLANNING D:1-11
   159 | D:1      | Reached skill level 2 in Axes
   211 | D:1      | Reached XP level 2. HP: 16/19 MP: 2/2
   398 | D:1      | Reached skill level 3 in Axes
   429 | D:1      | Reached XP level 3. HP: 23/23 MP: 3/3
   494 | D:1      | Found a faded altar of an unknown god.
   704 | D:1      | 704 ||| Stepping ~*~*~tactically~*~*~ (hiding).
  1131 | D:1      | 1131 ||| READING scroll labelled KUTOH XEUSAENEK.
  1132 | D:1      | 1132 ||| READING scroll labelled XUNAQ RANUNK.
  1136 | D:1      | 1136 ||| READING scroll labelled GIOMUFRAON.
  1137 | D:1      | 1137 ||| READING scroll labelled UHOTIE UHAPNOI.
  1138 | D:1      | 1138 ||| READING scroll labelled ZAIXTA JATTOB.
  1239 | D:2      | Noticed Natasha
  1240 | D:2      | 1240 ||| Stepping ~*~*~tactically~*~*~ (hiding).
  1250 | D:2      | Killed Natasha
  1251 | D:2      | Reached XP level 4. HP: 12/28 MP: 4/4
  1345 | D:2      | 1345 ||| Stepping ~*~*~tactically~*~*~ (stealth).
  1376 | D:2      | Reached skill level 4 in Axes
  1694 | D:2      | You fall into a shaft and drop 1 floor!
  1762 | D:3      | 1762 ||| Stepping ~*~*~tactically~*~*~ (stealth).
  1890 | D:3      | 1890 ||| Stepping ~*~*~tactically~*~*~ (stealth).
  1944 | D:3      | Noticed Grinder
  1950 | D:3      | 1950 ||| FLEEEEING.
  1951 | D:3      | 1951 ||| FLEEEEING.
  1952 | D:3      | 1952 ||| STAIRDANCE
  2035 | D:2      | Noticed Natasha
  2048 | D:2      | Killed Natasha
  2049 | D:2      | Reached XP level 5. HP: 11/32 MP: 5/5
  2267 | D:2      | 2267 ||| READING 3 scrolls labelled BYIBLU MOTIZU.
  2268 | D:2      | 2268 ||| READING scroll labelled MOVUNE HE SORO.
  2269 | D:2      | 2269 ||| READING scroll labelled TAADDA WOLEELU.
  2270 | D:2      | 2270 ||| READING scroll labelled PYIDOBI SIODE.
  2271 | D:2      | 2271 ||| READING scroll labelled POECIE TANNEU.
  2372 | D:2      | 2372 ||| DRINKING 2 golden potions.
  2373 | D:2      | 2373 ||| DROPPING 2 scrolls of fog.
  2422 | D:3      | 2422 ||| Stepping ~*~*~tactically~*~*~ (stealth).
  2430 | D:3      | 2430 ||| Stepping ~*~*~tactically~*~*~ (hiding).
  2716 | D:3      | Paralysed by Grinder for 2 turns
  2718 | D:3      | 2718 ||| FLEEEEING.
  2719 | D:3      | 2719 ||| FLEEEEING.
  2720 | D:3      | 2720 ||| FLEEEEING.
  2721 | D:3      | 2721 ||| FLEEEEING.
  2722 | D:3      | 2722 ||| FLEEEEING.
  2722 | D:3      | Paralysed by Grinder for 3 turns
  2733 | D:3      | Killed Grinder
  2734 | D:3      | Reached skill level 6 in Axes
  2734 | D:3      | Reached XP level 6. HP: 23/37 MP: 6/6
  3014 | D:3      | 3014 ||| READING scroll labelled HEUSUE OPNEO.
  3015 | D:3      | 3015 ||| DRINKING 3 puce potions.
  3122 | D:4      | 3122 ||| Stepping ~*~*~tactically~*~*~ (stealth).
  3126 | D:4      | 3126 ||| Stepping ~*~*~tactically~*~*~ (hiding).
  3233 | D:4      | Reached skill level 1 in Dodging
  3233 | D:4      | Reached XP level 7. HP: 30/43 MP: 7/7
  3294 | D:4      | 3294 ||| Stepping ~*~*~tactically~*~*~ (hiding).
  3542 | D:4      | Noticed Dowan
  3551 | D:4      | Noticed Pikel
  3553 | D:4      | Noticed Duvessa
  3558 | D:4      | Killed Dowan
  3558 | D:4      | HP: 6/43 [Duvessa/+0 vampiric short sword (5)]
  3559 | D:4      | 3559 ||| READING 4 scrolls of teleportation.
  3559 | D:4      | Mangled by Duvessa

Levels and vault maps discovered:
D:1:      evilmike_arrival_home_sweet_home, layout_basic,
          dreamdust_ecumenical_altar_angels_and_demons
D:2:      layout_basic, minmay_box_of_dots, uniq_natasha
D:3:      layout_basic, uniq_grinder
D:4:      layout_cave_pools, uniq_pikel, uniq_duvessa

Skill      XL: |  1  2  3  4  5  6 |
---------------+-------------------+-----
Axes           | 2 3 4 6 |  6.4
Fighting       | 4 |  4.0
Dodging        | 1 |  1.0
Armour         | |  3.2
Shields        | |  3.2

Action                     |  1- 3 |  4- 6 |  7- 9 || total
---------------------------+-------+-------+-------++-------
  Melee: War axe           |    92 |   114 |    21 ||   227
    Use: Scroll            |     5 |     6 |     1 ||    12
         Potion            |       |     2 |       ||     2
 Armour: Scale mail        |    56 |    52 |    12 ||   120
  Dodge: Dodged            |    52 |    53 |     8 ||   113
  Block: Buckler           |     9 |    14 |     4 ||    27

Table legend:
 A = Non-vault XP
 B = Vault XP
 C = Vault XP percentage of total XP
 D = Non-vault monster count
 E = Vault monster count
 F = Vault count percentage of total count
                 A         B        C        D         E       F
            +---------+---------+-------+---------+---------+-------
      Total |     316 |     386 |  55.0 |      80 |       6 |   7.0
            +---------+---------+-------+---------+---------+-------
        D:1 |      55 |       0 |   0.0 |      31 |       0 |   0.0
        D:2 |      63 |      40 |  38.8 |      18 |       4 |  18.2
        D:3 |      81 |     277 |  77.4 |      19 |       1 |   5.0
        D:4 |     117 |      69 |  37.1 |      12 |       1 |   7.7
            +---------+---------+-------+---------+---------+-------
